Manitoba Moose vs Victoriaville Tigres

Created - 24 novembre 2017 at 19:59

Goals
1 2 3 T
Manitoba Moose 3 0 6 9
Victoriaville Tigres 0 0 2 2
Shots
1 2 3 T
Manitoba Moose 11 11 20 42
Victoriaville Tigres 13 17 15 45

1st period

1. Manitoba Moose , Ryan Craig 4 (Adam Pardy 7, Alex Tuch 8) at 3:39
2. Manitoba Moose , Matt Frattin 10 (Alex Tuch 9) at 13:39
3. Manitoba Moose , Jason Dickinson 17 (Jyrki Jokipakka 5) at 17:02

Penalties :
No Penalty

2nd period

No Goal

Penalties :
Samuel Morin (MOO) for Hooking (Minor) at 19:04

3rd period

4. Victoriaville Tigres , Nic Petan 6 (Chris Terry 11, Adrian Kempe 19) at 0:19 (PP)
5. Manitoba Moose , Ryan Craig 5 (Brandon Gormley 3, Matt Frattin 11) at 3:19
6. Manitoba Moose , Denis Gurianov 15 (Grayson Downing 24) at 7:11
7. Manitoba Moose , Alex Tuch 4 (Ryan Garbutt 6) at 7:58
8. Manitoba Moose , Jason Dickinson 18 (Grayson Downing 25, Denis Gurianov 15) at 11:38 (PP)
9. Victoriaville Tigres , Adrian Kempe 17 (Nic Petan 15) at 11:54
10. Manitoba Moose , Matt Grzelcyk 1 (Jason Dickinson 22) at 18:26 (PP)
11. Manitoba Moose , Matt Lorito 6 (Justin Fontaine 8, Ryan Craig 11) at 19:34

Penalties :
Michal Kempny (TIG) for Interference (Minor) at 11:24, Karl Stollery (TIG) for Hooking (Minor) at 12:51, Brody Sutter (TIG) for Fighting (Major) at 16:39, Jyrki Jokipakka (MOO) for Fighting (Major) at 16:39, Brody Sutter (TIG) for instigated a fight (Minor) at 16:39, Brody Sutter (TIG) for instigated a fight (10 Minutes Misconduct) at 16:39

Goalie Stats

Jordan Binnington (MOO), 43 saves from 45 shots - (0,956), W, 7-3-1, 60:00 minutes
Jeff Zatkoff (TIG), 33 saves from 42 shots - (0,786), L, 4-7-1, 60:00 minutes

Players Stats for Manitoba Moose

Player Name              G  A  P  +/- PIM S  H  SB GA TA FO     MP     PP MP  PK MP  
------------------------------------------------------------------------------------
Adam Pardy               0  1  1   0  0   1  2  1  0  1  0/0    15:22   0:56   0:31 
Alex Tuch                1  2  3   4  0   2  2  0  0  0  0/2    13:36   0:00   0:00 
Brandon Gormley          0  1  1   2  0   2  2  3  0  0  0/0    16:06   1:36   0:00 
Brian Lashoff            0  0  0   2  0   0  0  0  0  1  0/0    15:58   2:19   0:00 
Chris Neil               0  0  0   0  0   4  2  1  0  0  0/0    14:15   0:00   0:28 
Denis Gurianov           1  1  2   1  0   5  2  0  0  1  1/2    16:01   2:17   0:00 
Derek Dorsett            0  0  0   0  0   3  2  1  2  0  0/1    14:34   0:00   0:47 
Grayson Downing          0  2  2   1  0   4  3  1  1  0  7/14   16:01   2:17   0:00 
Jason Dickinson          2  1  3   1  0   5  0  0  2  0  0/3    16:01   2:17   0:00 
Justin Fontaine          0  1  1   1  0   1  0  0  1  0  0/0    15:21   1:43   0:00 
Jyrki Jokipakka          0  1  1   2  5   1  0  0  0  0  0/0    14:09   1:28   0:00 
Matt Frattin             1  1  2   4  0   4  1  2  0  1  0/1    13:36   0:00   0:00 
Matt Grzelcyk            1  0  1   2  0   2  1  0  0  0  0/0    15:18   0:56   0:44 
Matt Lorito              1  0  1   1  0   3  1  0  1  0  0/1    15:21   1:43   0:00 
Nate Guenin              0  0  0   0  0   0  0  0  0  0  0/0    14:26   0:00   0:31 
Ryan Craig               2  1  3   4  0   3  2  1  0  0  8/17   14:04   0:00   0:28 
Ryan Garbutt             0  1  1   0  0   2  0  1  1  0  7/12   14:34   0:00   0:47 
Samuel Morin             0  0  0   2  2   0  1  1  0  0  0/0    14:17   0:45   0:00 
Thomas Schemitsch        0  0  0   2  0   0  1  1  0  0  0/0    14:22   0:00   0:44 
Tim Kennedy              0  0  0   1  0   0  0  1  0  0  5/15   15:21   1:43   0:00 

Players Stats for Victoriaville Tigres

Player Name              G  A  P  +/- PIM S  H  SB GA TA FO     MP     PP MP  PK MP  
------------------------------------------------------------------------------------
Adrian Kempe             1  1  2   1  0   3  7  0  1  0  2/2    20:47   0:52   1:00 
Brayden McNabb           0  0  0  -1  0   1  3  2  0  0  0/0    26:44   1:15   2:27 
Brody Sutter             0  0  0  -2  17  2  1  0  0  0  0/1    16:02   0:23   0:00 
Charles Hudon            0  0  0  -2  0   3  0  0  2  0  0/1    17:24   0:23   1:00 
Chase De Leo             0  0  0  -2  0   4  0  0  1  0  1/3     9:22   0:00   0:50 
Chris Terry              0  1  1   1  0   10 1  1  0  1  4/5    21:57   0:52   2:10 
Devon Toews              0  0  0   0  0   0  1  0  0  0  0/0    14:47   0:00   0:12 
Dillon Simpson           0  0  0   0  0   0  3  2  0  0  0/0    15:28   0:00   0:52 
Greg McKegg              0  0  0  -3  0   3  3  0  0  0  3/8    12:29   0:00   0:50 
Karl Stollery            0  0  0  -5  2   0  0  0  0  2  0/0    17:50   0:00   0:43 
Mark MacMillan           0  0  0  -2  0   0  0  1  0  1  0/0     8:31   0:00   0:00 
Michal Kempny            0  0  0  -1  2   2  1  1  0  0  0/0    26:29   1:15   2:13 
Nic Petan                1  1  2   1  0   5  3  3  0  0  26/42  21:57   0:52   2:10 
Paul Bittner             0  0  0  -2  0   1  0  0  0  1  0/0     8:31   0:00   0:00 
Quinton Howden           0  0  0  -2  0   3  0  1  0  1  4/6    16:24   0:23   0:00 
Scott Kosmachuk          0  0  0  -3  0   3  2  0  0  0  0/0    11:17   0:00   0:00 
Taylor Leier             0  0  0  -3  0   3  0  1  0  0  0/0    11:17   0:00   0:00 
Tim Heed                 0  0  0  -5  0   2  0  1  0  2  0/0    18:41   0:00   1:33 

3 Stars

1 - Ryan Craig (MOO)
2 - Alex Tuch (MOO)
3 - Jason Dickinson (MOO)

Power Play

Manitoba Moose - 2 on 3 Attempt(s) - 66,67%
Victoriaville Tigres - 1 on 1 Attempt(s) - 100,00%

Penalty Kill

Manitoba Moose - 0 on 1 Attempt(s) - 0,00% - Score 0 goal in Penalty Kill
Victoriaville Tigres - 1 on 3 Attempt(s) - 33,33% - Score 0 goal in Penalty Kill

Team Stat

Manitoba Moose - Hits : 22 - Faceoff Wins : 28 - Blocked Shots : 14 - Penalty Minutes : 7
Victoriaville Tigres - Hits : 25 - Faceoff Wins : 40 - Blocked Shots : 13 - Penalty Minutes : 21

Official

Referees : Kyle Rehman and Tim Peel
Linesman : Brian Mach and Kiel Murchison

Game Notes

Jyrki Jokipakka beats up Brody Sutter at 16:39 of 3rd period

Finance

Level 1 -- Attendance: 1554 (77,70%) -- Ticket Income 54 390 $
Level 2 -- Attendance: 693 (69,30%) -- Ticket Income 10 395 $
Total Attendance: 2247 (74,90%)
Total Ticket Income: 64 785 $
Other Income: 31 745 $
Total Income: 96 530 $

Manitoba Moose

5 vs 5 Forward 
   Center                   Left Wing                Right Wing               Time % Phy DF OF 
 1 Ryan Craig               Matt Frattin             Alex Tuch                25     0   0  5  
 2 Tim Kennedy              Matt Lorito              Justin Fontaine          25     0   0  5  
 3 Ryan Garbutt             Derek Dorsett            Chris Neil               25     5   0  0  
 4 Grayson Downing          Jason Dickinson          Denis Gurianov           25     0   0  5  

5 vs 5 Defense 
   Defense                  Defense                                           Time % Phy DF OF 
 1 Brian Lashoff            Jyrki Jokipakka                                   25     1   2  2  
 2 Nate Guenin              Adam Pardy                                        25     1   2  2  
 3 Brandon Gormley          Samuel Morin                                      25     1   2  2  
 4 Thomas Schemitsch        Matt Grzelcyk                                     25     1   2  2  

PowerPlay Forward 
   Center                   Left Wing                Right Wing               Time % Phy DF OF 
 1 Grayson Downing          Jason Dickinson          Denis Gurianov           60     1   2  2  
 2 Tim Kennedy              Matt Lorito              Justin Fontaine          40     1   2  2  

PowerPlay Defense
   Defense                  Defense                                           Time % Phy DF OF 
 1 Brian Lashoff            Jyrki Jokipakka                                   60     1   2  2  
 2 Brandon Gormley          Samuel Morin                                      40     1   2  2  

Penalty Kill 4 Players Forward 
   Center                   Wing                     Time % Phy DF OF 
 1 Ryan Craig               Chris Neil               50     1   2  2  
 2 Ryan Garbutt             Derek Dorsett            50     1   2  2  

Penalty Kill 4 Players Defense
   Defense                  Defense                  Time % Phy DF OF 
 1 Nate Guenin              Adam Pardy               50     1   2  2  
 2 Thomas Schemitsch        Matt Grzelcyk            50     1   2  2  

Penalty Kill - 3 Players Forward 
   Forward                                           Time % Phy DF OF 
 1 Ryan Garbutt                                      50     1   2  2  
 2 Ryan Craig                                        50     1   2  2  

Penalty Kill - 3 Players Defense
   Defense                  Defense                  Time % Phy DF OF 
 1 Nate Guenin              Adam Pardy               50     1   2  2  
 2 Thomas Schemitsch        Matt Grzelcyk            50     1   2  2  

4 vs 4 Forward 
   Center                   Wing                     Time % Phy DF OF 
 1 Grayson Downing          Denis Gurianov           50     1   2  2  
 2 Jason Dickinson          Alex Tuch                50     1   2  2  

4 vs 4 Defense
   Defense                  Defense                  Time % Phy DF OF 
 1 Brian Lashoff            Jyrki Jokipakka          50     1   2  2  
 2 Brandon Gormley          Samuel Morin             50     1   2  2  

Last Minutes Offensive
   Center                   Left Wing                Right Wing               Defense                  Defense                  
   Ryan Craig               Matt Frattin             Matt Lorito              Brian Lashoff            Jyrki Jokipakka          

Last Minutes Defensive
   Center                   Left Wing                Right Wing               Defense                  Defense                  
   Ryan Craig               Matt Frattin             Matt Lorito              Brian Lashoff            Jyrki Jokipakka          

Goaltenders
Starting : Jordan Binnington        
Backup : Christopher Gibson       

Extra Forwards
Normal : Derek Dorsett, Alex Tuch, Denis Gurianov - PP : Derek Dorsett, Chris Neil - PK : Denis Gurianov
Extra Defensemen
Normal : Brandon Gormley, Samuel Morin, Thomas Schemitsch - PP : Brandon Gormley - PK : Samuel Morin, Thomas Schemitsch
Penalty Shots
Matt Frattin, Matt Lorito, Grayson Downing, Chris Neil, Denis Gurianov

Scratches
Matt Beleskey (Healthy), Felix Girard (Healthy), Ben Sexton (Healthy), Jake Chelios (Healthy), Daniel Pribyl (Healthy)
Ryan Hamilton (Healthy), Reece Scarlett (Healthy)

Victoriaville Tigres

5 vs 5 Forward 
   Center                   Left Wing                Right Wing               Time % Phy DF OF 
 1 Nic Petan                Chris Terry              Adrian Kempe             40     1   2  2  
 2 Quinton Howden           Charles Hudon            Brody Sutter             30     1   2  2  
 3 Greg McKegg              Taylor Leier             Scott Kosmachuk          20     1   2  2  
 4 Chase De Leo             Paul Bittner             Mark MacMillan           10     1   2  2  

5 vs 5 Defense 
   Defense                  Defense                                           Time % Phy DF OF 
 1 Brayden McNabb           Michal Kempny                                     40     1   2  2  
 2 Karl Stollery            Tim Heed                                          30     1   2  2  
 3 Devon Toews              Dillon Simpson                                    20     1   2  2  
 4 Brayden McNabb           Michal Kempny                                     10     1   2  2  

PowerPlay Forward 
   Center                   Left Wing                Right Wing               Time % Phy DF OF 
 1 Nic Petan                Chris Terry              Adrian Kempe             60     1   2  2  
 2 Quinton Howden           Charles Hudon            Brody Sutter             40     1   2  2  

PowerPlay Defense
   Defense                  Defense                                           Time % Phy DF OF 
 1 Brayden McNabb           Michal Kempny                                     60     1   2  2  
 2 Karl Stollery            Tim Heed                                          40     1   2  2  

Penalty Kill 4 Players Forward 
   Center                   Wing                     Time % Phy DF OF 
 1 Chris Terry              Nic Petan                60     1   2  2  
 2 Adrian Kempe             Charles Hudon            40     1   2  2  

Penalty Kill 4 Players Defense
   Defense                  Defense                  Time % Phy DF OF 
 1 Brayden McNabb           Michal Kempny            60     1   2  2  
 2 Karl Stollery            Tim Heed                 40     1   2  2  

Penalty Kill - 3 Players Forward 
   Forward                                           Time % Phy DF OF 
 1 Chris Terry                                       60     1   2  2  
 2 Nic Petan                                         40     1   2  2  

Penalty Kill - 3 Players Defense
   Defense                  Defense                  Time % Phy DF OF 
 1 Brayden McNabb           Michal Kempny            60     1   2  2  
 2 Karl Stollery            Tim Heed                 40     1   2  2  

4 vs 4 Forward 
   Center                   Wing                     Time % Phy DF OF 
 1 Chris Terry              Nic Petan                60     1   2  2  
 2 Adrian Kempe             Charles Hudon            40     1   2  2  

4 vs 4 Defense
   Defense                  Defense                  Time % Phy DF OF 
 1 Brayden McNabb           Michal Kempny            60     1   2  2  
 2 Karl Stollery            Tim Heed                 40     1   2  2  

Last Minutes Offensive
   Center                   Left Wing                Right Wing               Defense                  Defense                  
   Nic Petan                Chris Terry              Adrian Kempe             Brayden McNabb           Michal Kempny            

Last Minutes Defensive
   Center                   Left Wing                Right Wing               Defense                  Defense                  
   Nic Petan                Chris Terry              Adrian Kempe             Brayden McNabb           Michal Kempny            

Goaltenders
Starting : Jeff Zatkoff             
Backup : Michael Garteig          

Extra Forwards
Normal : Greg McKegg, Scott Kosmachuk, Chase De Leo - PP : Greg McKegg, Scott Kosmachuk - PK : Chase De Leo
Extra Defensemen
Normal : Devon Toews, Dillon Simpson, Karl Stollery - PP : Devon Toews - PK : Dillon Simpson, Karl Stollery
Penalty Shots
Chris Terry, Nic Petan, Adrian Kempe, Charles Hudon, Quinton Howden

Scratches
Stefan Matteau (Healthy), Jack Flinn (Healthy)

% Time on Ice - Manitoba Moose

Lines # - Real PCT - Wanted PCT - Time Play
Normal Forward
1 - 25% - 25% - 13:43
2 - 25% - 25% - 13:38
3 - 25% - 25% - 13:47
4 - 25% - 25% - 13:37
Normal Defense
1 - 25% - 25% - 13:39
2 - 25% - 25% - 13:55
3 - 25% - 25% - 13:33
4 - 25% - 25% - 13:38
PP Forward
1 - 57% - 60% - 2:17
2 - 43% - 40% - 1:43
PP Defense
1 - 81% - 60% - 3:15
2 - 19% - 40% - 0:45
PK Forward
1 - 37% - 50% - 0:28
2 - 63% - 50% - 0:47
PK Defense
1 - 41% - 50% - 0:31
2 - 59% - 50% - 0:44
PK3 Forward
1 - 0% - 50%
2 - 0% - 50%
PK3 Defense
1 - 0% - 50%
2 - 0% - 50%
44 Forward
1 - 0% - 50%
2 - 0% - 50%
44 Defense
1 - 0% - 50%
2 - 0% - 50%
Last Minute Offensive  - 0:00
Last Minute Defensive  - 0:00
Total
Forward - 60:00
Defense - 60:00

% Time on Ice - Victoriaville Tigres

Lines # - Real PCT - Wanted PCT - Time Play
Normal Forward
1 - 35% - 40% - 18:56
2 - 29% - 30% - 16:01
3 - 21% - 20% - 11:17
4 - 16% - 10% - 8:31
Normal Defense
1 - 37% - 40% - 20:11
2 - 31% - 30% - 17:08
3 - 27% - 20% - 14:35
4 - 5% - 10% - 2:51
PP Forward
1 - 69% - 60% - 0:52
2 - 31% - 40% - 0:23
PP Defense
1 - 100% - 60% - 1:15
2 - 0% - 40% - 0:00
PK Forward
1 - 75% - 60% - 3:00
2 - 25% - 40% - 1:00
PK Defense
1 - 61% - 60% - 2:27
2 - 39% - 40% - 1:33
PK3 Forward
1 - 0% - 60%
2 - 0% - 40%
PK3 Defense
1 - 0% - 60%
2 - 0% - 40%
44 Forward
1 - 0% - 60%
2 - 0% - 40%
44 Defense
1 - 0% - 60%
2 - 0% - 40%
Last Minute Offensive  - 0:00
Last Minute Defensive  - 0:00
Total
Forward - 60:00
Defense - 60:00

Play by Play

1st period


0:01 of 1st period - Nic Petan wins face-off versus Ryan Craig in neutral zone.
0:06 of 1st period - Snap shot by Chris Terry.
0:06 of 1st period - Stopped by Jordan Binnington without a rebound.
0:07 of 1st period - Nic Petan wins face-off versus Alex Tuch in Manitoba Moose zone.
0:37 of 1st period - Snap shot by Matt Lorito.
0:37 of 1st period - Stopped by Jeff Zatkoff with a rebound.
1:32 of 1st period - Dillon Simpson is hit by Adam Pardy and loses puck.
2:03 of 1st period - Slapshot by Greg McKegg.
2:03 of 1st period - Stopped by Jordan Binnington with a rebound.
2:05 of 1st period - Wrist shot by Greg McKegg.
2:05 of 1st period - Shot Blocked by Brandon Gormley.
2:07 of 1st period - Wrist shot by Greg McKegg.
2:07 of 1st period - Stopped by Jordan Binnington with a rebound.
2:48 of 1st period - Slapshot by Tim Heed.
2:48 of 1st period - Stopped by Jordan Binnington without a rebound.
2:49 of 1st period - Nic Petan wins face-off versus Alex Tuch in Manitoba Moose zone.
3:14 of 1st period - Matt Frattin is hit by Brayden McNabb and loses puck.
3:35 of 1st period - Snap shot by Alex Tuch.
3:35 of 1st period - Shot Blocked by Brayden McNabb.
3:37 of 1st period - Backhand shot by Adam Pardy.
3:37 of 1st period - Shot Misses the Net.
3:39 of 1st period - Slapshot by Ryan Craig.
3:39 of 1st period - Goal by Ryan Craig - Manitoba Moose : 1 - Victoriaville Tigres : 0.
3:40 of 1st period - Quinton Howden wins face-off versus Grayson Downing in neutral zone.
4:30 of 1st period - Wrist shot by Justin Fontaine.
4:30 of 1st period - Stopped by Jeff Zatkoff with a rebound.
4:58 of 1st period - Snap shot by Charles Hudon.
4:58 of 1st period - Stopped by Jordan Binnington with a rebound.
6:06 of 1st period - Tim Kennedy is hit by Brayden McNabb and loses puck.
6:19 of 1st period - Snap shot by Charles Hudon.
6:19 of 1st period - Stopped by Jordan Binnington without a rebound.
6:20 of 1st period - Nic Petan wins face-off versus Ryan Garbutt in Manitoba Moose zone.
6:47 of 1st period - Scott Kosmachuk is hit by Grayson Downing and loses puck.
7:15 of 1st period - Michal Kempny is hit by Alex Tuch and loses puck.
7:44 of 1st period - Adrian Kempe is hit by Matt Lorito and loses puck.
7:54 of 1st period - Off-side.
7:55 of 1st period - Greg McKegg wins face-off versus Ryan Garbutt in neutral zone.
7:58 of 1st period - Adam Pardy is hit by Greg McKegg and loses puck.
8:11 of 1st period - Wrist shot by Derek Dorsett.
8:11 of 1st period - Shot Misses the Net.
8:25 of 1st period - Slapshot by Chase De Leo.
8:25 of 1st period - Stopped by Jordan Binnington without a rebound.
8:26 of 1st period - Grayson Downing wins face-off versus Chase De Leo in Manitoba Moose zone.
8:26 of 1st period - Grayson Downing is hit by Devon Toews.
8:40 of 1st period - Wrist shot by Grayson Downing.
8:40 of 1st period - Shot Misses the Net.
8:42 of 1st period - Wrist shot by Denis Gurianov.
8:42 of 1st period - Shot Misses the Net.
9:00 of 1st period - Snap shot by Matt Frattin.
9:00 of 1st period - Stopped by Jeff Zatkoff with a rebound.
9:02 of 1st period - Wrist shot by Matt Frattin.
9:02 of 1st period - Deflect By Ryan Craig.
9:02 of 1st period - Shot Blocked by Dillon Simpson.
9:02 of 1st period - Puck is out of play.
9:03 of 1st period - Nic Petan wins face-off versus Ryan Garbutt in Victoriaville Tigres zone.
9:51 of 1st period - Charles Hudon is hit by Denis Gurianov and loses puck.
10:20 of 1st period - Slapshot by Matt Frattin.
10:20 of 1st period - Shot Misses the Net.
10:30 of 1st period - Snap shot by Chase De Leo.
10:30 of 1st period - Shot Misses the Net.
10:32 of 1st period - Slapshot by Paul Bittner.
10:32 of 1st period - Shot Misses the Net.
10:36 of 1st period - Wrist shot by Mark MacMillan.
10:36 of 1st period - Shot Misses the Net.
10:38 of 1st period - Wrist shot by Chase De Leo.
10:38 of 1st period - Stopped by Jordan Binnington with a rebound.
11:24 of 1st period - Backhand shot by Charles Hudon.
11:24 of 1st period - Shot Misses the Net.
11:48 of 1st period - Off-side.
11:49 of 1st period - Grayson Downing wins face-off versus Chris Terry in neutral zone.
11:52 of 1st period - Snap shot by Grayson Downing.
11:52 of 1st period - Stopped by Jeff Zatkoff with a rebound.
11:59 of 1st period - Off-side.
12:00 of 1st period - Ryan Craig wins face-off versus Nic Petan in neutral zone.
12:10 of 1st period - Slapshot by Matt Frattin.
12:10 of 1st period - Stopped by Jeff Zatkoff with a rebound.
12:16 of 1st period - Brian Lashoff is hit by Adrian Kempe.
13:08 of 1st period - Slapshot by Nic Petan.
13:08 of 1st period - Stopped by Jordan Binnington without a rebound.
13:09 of 1st period - Nic Petan wins face-off versus Tim Kennedy in Manitoba Moose zone.
13:10 of 1st period - Wrist shot by Adrian Kempe.
13:10 of 1st period - Deflect By Chris Terry.
13:10 of 1st period - Shot Misses the Net.
13:10 of 1st period - Puck is out of play.
13:11 of 1st period - Nic Petan wins face-off versus Tim Kennedy in Manitoba Moose zone.
13:39 of 1st period - Snap shot by Matt Frattin.
13:39 of 1st period - Goal by Matt Frattin - Manitoba Moose : 2 - Victoriaville Tigres : 0.
13:40 of 1st period - Adrian Kempe wins face-off versus Ryan Craig in neutral zone.
14:05 of 1st period - Michal Kempny is hit by Denis Gurianov and loses puck.
14:10 of 1st period - Wrist shot by Jason Dickinson.
14:10 of 1st period - Stopped by Jeff Zatkoff without a rebound.
14:11 of 1st period - Quinton Howden wins face-off versus Jason Dickinson in Victoriaville Tigres zone.
15:31 of 1st period - Wrist shot by Charles Hudon.
15:31 of 1st period - Shot Blocked by Grayson Downing.
15:40 of 1st period - Slapshot by Denis Gurianov.
15:40 of 1st period - Stopped by Jeff Zatkoff with a rebound.
16:20 of 1st period - Backhand shot by Quinton Howden.
16:20 of 1st period - Stopped by Jordan Binnington with a rebound.
17:00 of 1st period - Slapshot by Jason Dickinson.
17:00 of 1st period - Stopped by Jeff Zatkoff with a rebound.
17:02 of 1st period - Wrist shot by Jason Dickinson.
17:02 of 1st period - Goal by Jason Dickinson - Manitoba Moose : 3 - Victoriaville Tigres : 0.
17:03 of 1st period - Nic Petan wins face-off versus Tim Kennedy in neutral zone.
17:13 of 1st period - Snap shot by Nic Petan.
17:13 of 1st period - Shot Misses the Net.
17:15 of 1st period - Backhand shot by Nic Petan.
17:15 of 1st period - Shot Blocked by Brandon Gormley.
17:37 of 1st period - Snap shot by Taylor Leier.
17:37 of 1st period - Stopped by Jordan Binnington without a rebound.
17:38 of 1st period - Ryan Craig wins face-off versus Nic Petan in Manitoba Moose zone.
17:51 of 1st period - Michal Kempny is hit by Ryan Craig and loses puck.
18:04 of 1st period - Michal Kempny is hit by Thomas Schemitsch and loses puck.
18:16 of 1st period - Off-side.
18:17 of 1st period - Nic Petan wins face-off versus Tim Kennedy in neutral zone.
18:20 of 1st period - Adam Pardy is hit by Dillon Simpson.
18:26 of 1st period - Snap shot by Nic Petan.
18:26 of 1st period - Deflect By Chris Terry.
18:26 of 1st period - Shot Misses the Net.
18:26 of 1st period - Puck is out of play.
18:27 of 1st period - Ryan Garbutt wins face-off versus Nic Petan in Manitoba Moose zone.
18:34 of 1st period - Chris Terry is hit by Derek Dorsett and loses puck.
19:00 of 1st period - Matt Frattin is hit by Dillon Simpson.
19:37 of 1st period - Snap shot by Derek Dorsett.
19:37 of 1st period - Shot Misses the Net.
19:45 of 1st period - Slapshot by Chase De Leo.
19:45 of 1st period - Stopped by Jordan Binnington with a rebound.
19:47 of 1st period - Snap shot by Chase De Leo.
19:47 of 1st period - Deflect By Mark MacMillan.
19:47 of 1st period - Shot Misses the Net.
19:47 of 1st period - Puck is out of play.
19:48 of 1st period - Greg McKegg wins face-off versus Ryan Craig in Manitoba Moose zone.
19:49 of 1st period - Wrist shot by Taylor Leier.
19:49 of 1st period - Stopped by Jordan Binnington with a rebound.
Goals for this period are 3 for Manitoba Moose vs 0 for Victoriaville Tigres.
Shots for this period are 11 for Manitoba Moose vs 13 for Victoriaville Tigres.

2nd period


0:01 of 2nd period - Tim Kennedy wins face-off versus Nic Petan in neutral zone.
0:04 of 2nd period - Snap shot by Justin Fontaine.
0:04 of 2nd period - Deflect By Matt Lorito.
0:04 of 2nd period - Stopped by Jeff Zatkoff without a rebound.
0:05 of 2nd period - Nic Petan wins face-off versus Tim Kennedy in Victoriaville Tigres zone.
1:00 of 2nd period - Wrist shot by Matt Frattin.
1:00 of 2nd period - Shot Misses the Net.
1:02 of 2nd period - Wrist shot by Alex Tuch.
1:02 of 2nd period - Stopped by Jeff Zatkoff with a rebound.
1:18 of 2nd period - Snap shot by Grayson Downing.
1:18 of 2nd period - Deflect By Jason Dickinson.
1:18 of 2nd period - Stopped by Jeff Zatkoff with a rebound.
1:20 of 2nd period - Slapshot by Brandon Gormley.
1:20 of 2nd period - Stopped by Jeff Zatkoff with a rebound.
1:22 of 2nd period - Snap shot by Jason Dickinson.
1:22 of 2nd period - Shot Misses the Net.
2:08 of 2nd period - Samuel Morin is hit by Dillon Simpson and loses puck.
2:42 of 2nd period - Snap shot by Denis Gurianov.
2:42 of 2nd period - Shot Misses the Net.
2:44 of 2nd period - Snap shot by Denis Gurianov.
2:44 of 2nd period - Shot Misses the Net.
2:46 of 2nd period - Slapshot by Jyrki Jokipakka.
2:46 of 2nd period - Stopped by Jeff Zatkoff without a rebound.
2:47 of 2nd period - Denis Gurianov wins face-off versus Nic Petan in Victoriaville Tigres zone.
2:48 of 2nd period - Wrist shot by Grayson Downing.
2:48 of 2nd period - Shot Blocked by Brayden McNabb.
2:50 of 2nd period - Snap shot by Grayson Downing.
2:50 of 2nd period - Deflect By Jason Dickinson.
2:50 of 2nd period - Shot Misses the Net.
2:50 of 2nd period - Puck is out of play.
2:51 of 2nd period - Nic Petan wins face-off versus Tim Kennedy in Victoriaville Tigres zone.
3:49 of 2nd period - Slapshot by Quinton Howden.
3:49 of 2nd period - Stopped by Jordan Binnington with a rebound.
4:14 of 2nd period - Slapshot by Tim Heed.
4:14 of 2nd period - Stopped by Jordan Binnington with a rebound.
4:16 of 2nd period - Slapshot by Mark MacMillan.
4:16 of 2nd period - Shot Blocked by Brandon Gormley.
4:28 of 2nd period - Chris Terry is hit by Alex Tuch and loses puck.
5:49 of 2nd period - Adrian Kempe is hit by Ryan Craig and loses puck.
5:54 of 2nd period - Wrist shot by Matt Frattin.
5:54 of 2nd period - Stopped by Jeff Zatkoff with a rebound.
5:56 of 2nd period - Wrist shot by Alex Tuch.
5:56 of 2nd period - Shot Blocked by Nic Petan.
5:58 of 2nd period - Snap shot by Alex Tuch.
5:58 of 2nd period - Shot Blocked by Nic Petan.
6:18 of 2nd period - Snap shot by Greg McKegg.
6:18 of 2nd period - Stopped by Jordan Binnington with a rebound.
7:14 of 2nd period - Icing by Matt Lorito.
7:15 of 2nd period - Tim Kennedy wins face-off versus Nic Petan in Manitoba Moose zone.
7:26 of 2nd period - Snap shot by Nic Petan.
7:26 of 2nd period - Stopped by Jordan Binnington without a rebound.
7:27 of 2nd period - Ryan Craig wins face-off versus Nic Petan in Manitoba Moose zone.
8:02 of 2nd period - Off-side.
8:03 of 2nd period - Nic Petan wins face-off versus Tim Kennedy in neutral zone.
8:30 of 2nd period - Snap shot by Scott Kosmachuk.
8:30 of 2nd period - Stopped by Jordan Binnington without a rebound.
8:31 of 2nd period - Ryan Craig wins face-off versus Greg McKegg in Manitoba Moose zone.
8:56 of 2nd period - Ryan Garbutt is hit by Adrian Kempe and loses puck.
9:05 of 2nd period - Devon Toews is hit by Samuel Morin and loses puck.
9:26 of 2nd period - Slapshot by Brody Sutter.
9:26 of 2nd period - Shot Blocked by Tim Kennedy.
9:46 of 2nd period - Slapshot by Quinton Howden.
9:46 of 2nd period - Stopped by Jordan Binnington without a rebound.
9:47 of 2nd period - Chase De Leo wins face-off versus Ryan Craig in Manitoba Moose zone.
10:43 of 2nd period - Wrist shot by Charles Hudon.
10:43 of 2nd period - Stopped by Jordan Binnington with a rebound.
10:55 of 2nd period - Matt Lorito is hit by Scott Kosmachuk and loses puck.
11:14 of 2nd period - Snap shot by Chase De Leo.
11:14 of 2nd period - Shot Misses the Net.
11:24 of 2nd period - Slapshot by Michal Kempny.
11:24 of 2nd period - Stopped by Jordan Binnington with a rebound.
11:44 of 2nd period - Matt Frattin is hit by Adrian Kempe and loses puck.
11:55 of 2nd period - Karl Stollery is hit by Chris Neil and loses puck.
12:30 of 2nd period - Brody Sutter is hit by Matt Grzelcyk and loses puck.
12:37 of 2nd period - Snap shot by Charles Hudon.
12:37 of 2nd period - Shot Misses the Net.
12:43 of 2nd period - Snap shot by Ryan Craig.
12:43 of 2nd period - Stopped by Jeff Zatkoff without a rebound.
12:44 of 2nd period - Nic Petan wins face-off versus Ryan Craig in Victoriaville Tigres zone.
12:49 of 2nd period - Samuel Morin is hit by Michal Kempny and loses puck.
12:56 of 2nd period - Snap shot by Adrian Kempe.
12:56 of 2nd period - Shot Blocked by Matt Frattin.
13:10 of 2nd period - Scott Kosmachuk is hit by Chris Neil and loses puck.
13:31 of 2nd period - Slapshot by Chase De Leo.
13:31 of 2nd period - Stopped by Jordan Binnington without a rebound.
13:32 of 2nd period - Grayson Downing wins face-off versus Chase De Leo in Manitoba Moose zone.
14:04 of 2nd period - Wrist shot by Ryan Garbutt.
14:04 of 2nd period - Stopped by Jeff Zatkoff without a rebound.
14:05 of 2nd period - Nic Petan wins face-off versus Ryan Craig in Victoriaville Tigres zone.
14:21 of 2nd period - Alex Tuch is hit by Chris Terry and loses puck.
14:32 of 2nd period - Snap shot by Nic Petan.
14:32 of 2nd period - Deflect By Chris Terry.
14:32 of 2nd period - Stopped by Jordan Binnington with a rebound.
14:34 of 2nd period - Wrist shot by Chris Terry.
14:34 of 2nd period - Stopped by Jordan Binnington with a rebound.
14:36 of 2nd period - Snap shot by Devon Toews.
14:36 of 2nd period - Shot Blocked by Thomas Schemitsch.
14:38 of 2nd period - Snap shot by Devon Toews.
14:38 of 2nd period - Shot Blocked by Ryan Craig.
14:40 of 2nd period - Wrist shot by Chris Terry.
14:40 of 2nd period - Shot Misses the Net.
14:42 of 2nd period - Snap shot by Nic Petan.
14:42 of 2nd period - Stopped by Jordan Binnington without a rebound.
14:43 of 2nd period - Ryan Garbutt wins face-off versus Quinton Howden in Manitoba Moose zone.
14:56 of 2nd period - Backhand shot by Chris Neil.
14:56 of 2nd period - Shot Misses the Net.
15:33 of 2nd period - Wrist shot by Grayson Downing.
15:33 of 2nd period - Stopped by Jeff Zatkoff with a rebound.
15:35 of 2nd period - Snap shot by Denis Gurianov.
15:35 of 2nd period - Deflect By Grayson Downing.
15:35 of 2nd period - Shot Blocked by Mark MacMillan.
15:35 of 2nd period - Puck is out of play.
15:36 of 2nd period - Nic Petan wins face-off versus Ryan Garbutt in Victoriaville Tigres zone.
15:43 of 2nd period - Slapshot by Chris Terry.
15:43 of 2nd period - Shot Hit the Post.
15:45 of 2nd period - Slapshot by Brayden McNabb.
15:45 of 2nd period - Shot Blocked by Derek Dorsett.
15:47 of 2nd period - Slapshot by Brayden McNabb.
15:47 of 2nd period - Shot Misses the Net.
15:49 of 2nd period - Wrist shot by Chris Terry.
15:49 of 2nd period - Stopped by Jordan Binnington with a rebound.
15:51 of 2nd period - Wrist shot by Chris Terry.
15:51 of 2nd period - Shot Misses the Net.
16:01 of 2nd period - Matt Frattin is hit by Brody Sutter and loses puck.
16:08 of 2nd period - Wrist shot by Brody Sutter.
16:08 of 2nd period - Stopped by Jordan Binnington without a rebound.
16:09 of 2nd period - Nic Petan wins face-off versus Ryan Craig in Manitoba Moose zone.
16:24 of 2nd period - Snap shot by Adrian Kempe.
16:24 of 2nd period - Stopped by Jordan Binnington without a rebound.
16:25 of 2nd period - Quinton Howden wins face-off versus Derek Dorsett in Manitoba Moose zone.
16:34 of 2nd period - Slapshot by Chris Neil.
16:34 of 2nd period - Shot Misses the Net.
16:36 of 2nd period - Snap shot by Chris Neil.
16:36 of 2nd period - Shot Blocked by Michal Kempny.
16:38 of 2nd period - Wrist shot by Derek Dorsett.
16:38 of 2nd period - Stopped by Jeff Zatkoff with a rebound.
17:11 of 2nd period - Wrist shot by Scott Kosmachuk.
17:11 of 2nd period - Stopped by Jordan Binnington with a rebound.
17:13 of 2nd period - Wrist shot by Greg McKegg.
17:13 of 2nd period - Shot Misses the Net.
17:15 of 2nd period - Slapshot by Brayden McNabb.
17:15 of 2nd period - Shot Misses the Net.
17:17 of 2nd period - Slapshot by Brayden McNabb.
17:17 of 2nd period - Shot Misses the Net.
17:19 of 2nd period - Slapshot by Michal Kempny.
17:19 of 2nd period - Stopped by Jordan Binnington with a rebound.
17:55 of 2nd period - Slapshot by Ryan Garbutt.
17:55 of 2nd period - Stopped by Jeff Zatkoff with a rebound.
18:18 of 2nd period - Off-side.
18:19 of 2nd period - Tim Kennedy wins face-off versus Greg McKegg in neutral zone.
18:26 of 2nd period - Wrist shot by Matt Lorito.
18:26 of 2nd period - Shot Blocked by Taylor Leier.
18:42 of 2nd period - Icing by Samuel Morin.
18:43 of 2nd period - Tim Kennedy wins face-off versus Nic Petan in Manitoba Moose zone.
19:04 of 2nd period - Minor Penalty to Samuel Morin for Hooking.
19:05 of 2nd period - Ryan Craig wins face-off versus Nic Petan in Manitoba Moose zone.
19:05 of 2nd period - Ryan Craig is hit by Nic Petan.
19:21 of 2nd period - Wrist shot by Derek Dorsett.
19:21 of 2nd period - Deflect By Ryan Garbutt.
19:21 of 2nd period - Shot Misses the Net.
19:21 of 2nd period - Puck is out of play.
19:22 of 2nd period - Ryan Garbutt wins face-off versus Brody Sutter in Victoriaville Tigres zone.
19:23 of 2nd period - Snap shot by Derek Dorsett.
19:23 of 2nd period - Shot Misses the Net.
Goals for this period are 0 for Manitoba Moose vs 0 for Victoriaville Tigres.
Shots for this period are 11 for Manitoba Moose vs 17 for Victoriaville Tigres.

3rd period


0:01 of 3rd period - Ryan Garbutt wins face-off versus Nic Petan in neutral zone.
0:03 of 3rd period - Off-side.
0:04 of 3rd period - Chris Terry wins face-off versus Ryan Garbutt in neutral zone.
0:19 of 3rd period - Snap shot by Nic Petan.
0:19 of 3rd period - Goal by Nic Petan - Manitoba Moose : 3 - Victoriaville Tigres : 1.
0:20 of 3rd period - Nic Petan wins face-off versus Ryan Craig in neutral zone.
1:08 of 3rd period - Slapshot by Brody Sutter.
1:08 of 3rd period - Stopped by Jordan Binnington with a rebound.
1:10 of 3rd period - Wrist shot by Taylor Leier.
1:10 of 3rd period - Stopped by Jordan Binnington with a rebound.
1:12 of 3rd period - Wrist shot by Taylor Leier.
1:12 of 3rd period - Deflect By Greg McKegg.
1:12 of 3rd period - Shot Misses the Net.
1:12 of 3rd period - Puck is out of play.
1:13 of 3rd period - Ryan Garbutt wins face-off versus Greg McKegg in Manitoba Moose zone.
1:13 of 3rd period - Ryan Garbutt is hit by Greg McKegg.
1:21 of 3rd period - Backhand shot by Chris Neil.
1:21 of 3rd period - Shot Misses the Net.
1:23 of 3rd period - Snap shot by Chris Neil.
1:23 of 3rd period - Stopped by Jeff Zatkoff with a rebound.
1:25 of 3rd period - Slapshot by Derek Dorsett.
1:25 of 3rd period - Stopped by Jeff Zatkoff with a rebound.
1:27 of 3rd period - Slapshot by Chris Neil.
1:27 of 3rd period - Stopped by Jeff Zatkoff with a rebound.
1:36 of 3rd period - Icing by Greg McKegg.
1:37 of 3rd period - Greg McKegg wins face-off versus Ryan Craig in Victoriaville Tigres zone.
1:37 of 3rd period - Greg McKegg is hit by Matt Frattin.
1:53 of 3rd period - Alex Tuch is hit by Nic Petan and loses puck.
2:09 of 3rd period - Jyrki Jokipakka is hit by Brayden McNabb and loses puck.
2:24 of 3rd period - Brayden McNabb is hit by Derek Dorsett.
2:30 of 3rd period - Jyrki Jokipakka is hit by Scott Kosmachuk and loses puck.
2:49 of 3rd period - Snap shot by Chris Terry.
2:49 of 3rd period - Stopped by Jordan Binnington with a rebound.
3:15 of 3rd period - Snap shot by Ryan Craig.
3:15 of 3rd period - Shot Misses the Net.
3:17 of 3rd period - Slapshot by Brandon Gormley.
3:17 of 3rd period - Stopped by Jeff Zatkoff with a rebound.
3:19 of 3rd period - Snap shot by Ryan Craig.
3:19 of 3rd period - Goal by Ryan Craig - Manitoba Moose : 4 - Victoriaville Tigres : 1.
3:20 of 3rd period - Nic Petan wins face-off versus Grayson Downing in neutral zone.
3:29 of 3rd period - Snap shot by Grayson Downing.
3:29 of 3rd period - Shot Misses the Net.
3:51 of 3rd period - Snap shot by Chris Neil.
3:51 of 3rd period - Shot Misses the Net.
3:53 of 3rd period - Snap shot by Derek Dorsett.
3:53 of 3rd period - Shot Blocked by Quinton Howden.
3:55 of 3rd period - Wrist shot by Thomas Schemitsch.
3:55 of 3rd period - Deflect By Ryan Garbutt.
3:55 of 3rd period - Shot Misses the Net.
3:55 of 3rd period - Puck is out of play.
3:56 of 3rd period - Ryan Craig wins face-off versus Nic Petan in Victoriaville Tigres zone.
4:22 of 3rd period - Brayden McNabb is hit by Adam Pardy and loses puck.
4:29 of 3rd period - Snap shot by Denis Gurianov.
4:29 of 3rd period - Stopped by Jeff Zatkoff with a rebound.
4:43 of 3rd period - Snap shot by Justin Fontaine.
4:43 of 3rd period - Shot Misses the Net.
5:13 of 3rd period - Snap shot by Karl Stollery.
5:13 of 3rd period - Deflect By Chase De Leo.
5:13 of 3rd period - Shot Misses the Net.
5:13 of 3rd period - Puck is out of play.
5:14 of 3rd period - Nic Petan wins face-off versus Matt Frattin in Manitoba Moose zone.
5:25 of 3rd period - Snap shot by Nic Petan.
5:25 of 3rd period - Shot Blocked by Matt Frattin.
5:46 of 3rd period - Quinton Howden is hit by Grayson Downing and loses puck.
6:29 of 3rd period - Snap shot by Chase De Leo.
6:29 of 3rd period - Shot Misses the Net.
6:31 of 3rd period - Snap shot by Paul Bittner.
6:31 of 3rd period - Stopped by Jordan Binnington without a rebound.
6:32 of 3rd period - Ryan Craig wins face-off versus Nic Petan in Manitoba Moose zone.
6:41 of 3rd period - Ryan Craig is hit by Adrian Kempe and loses puck.
7:05 of 3rd period - Slapshot by Derek Dorsett.
7:05 of 3rd period - Stopped by Jeff Zatkoff without a rebound.
7:06 of 3rd period - Grayson Downing wins face-off versus Greg McKegg in Victoriaville Tigres zone.
7:09 of 3rd period - Snap shot by Denis Gurianov.
7:09 of 3rd period - Stopped by Jeff Zatkoff with a rebound.
7:11 of 3rd period - Snap shot by Grayson Downing.
7:11 of 3rd period - Deflect By Denis Gurianov.
7:11 of 3rd period - Goal by Denis Gurianov - Manitoba Moose : 5 - Victoriaville Tigres : 1.
7:12 of 3rd period - Nic Petan wins face-off versus Matt Lorito in neutral zone.
7:58 of 3rd period - Snap shot by Alex Tuch.
7:58 of 3rd period - Goal by Alex Tuch - Manitoba Moose : 6 - Victoriaville Tigres : 1.
7:59 of 3rd period - Ryan Garbutt wins face-off versus Nic Petan in neutral zone.
8:02 of 3rd period - Slapshot by Derek Dorsett.
8:02 of 3rd period - Shot Blocked by Chris Terry.
8:14 of 3rd period - Snap shot by Chris Terry.
8:14 of 3rd period - Stopped by Jordan Binnington without a rebound.
8:15 of 3rd period - Tim Kennedy wins face-off versus Quinton Howden in Manitoba Moose zone.
9:28 of 3rd period - Wrist shot by Taylor Leier.
9:28 of 3rd period - Shot Blocked by Adam Pardy.
9:30 of 3rd period - Slapshot by Scott Kosmachuk.
9:30 of 3rd period - Shot Misses the Net.
9:32 of 3rd period - Slapshot by Karl Stollery.
9:32 of 3rd period - Shot Blocked by Chris Neil.
9:34 of 3rd period - Slapshot by Taylor Leier.
9:34 of 3rd period - Shot Blocked by Ryan Garbutt.
9:49 of 3rd period - Wrist shot by Paul Bittner.
9:49 of 3rd period - Shot Blocked by Samuel Morin.
10:21 of 3rd period - Wrist shot by Justin Fontaine.
10:21 of 3rd period - Deflect By Denis Gurianov.
10:21 of 3rd period - Shot Blocked by Dillon Simpson.
10:21 of 3rd period - Puck is out of play.
10:22 of 3rd period - Grayson Downing wins face-off versus Greg McKegg in Victoriaville Tigres zone.
10:33 of 3rd period - Wrist shot by Scott Kosmachuk.
10:33 of 3rd period - Deflect By Denis Gurianov.
10:33 of 3rd period - Stopped by Jordan Binnington with a rebound.
10:49 of 3rd period - Alex Tuch is hit by Adrian Kempe and loses puck.
10:56 of 3rd period - Wrist shot by Nic Petan.
10:56 of 3rd period - Stopped by Jordan Binnington with a rebound.
11:24 of 3rd period - Minor Penalty to Michal Kempny for Interference.
11:25 of 3rd period - Chris Terry wins face-off versus Denis Gurianov in Victoriaville Tigres zone.
11:25 of 3rd period - Chris Terry is hit by Grayson Downing.
11:36 of 3rd period - Snap shot by Grayson Downing.
11:36 of 3rd period - Stopped by Jeff Zatkoff with a rebound.
11:38 of 3rd period - Slapshot by Jason Dickinson.
11:38 of 3rd period - Goal by Jason Dickinson - Manitoba Moose : 7 - Victoriaville Tigres : 1.
11:39 of 3rd period - Ryan Craig wins face-off versus Nic Petan in neutral zone.
11:50 of 3rd period - Slapshot by Brayden McNabb.
11:50 of 3rd period - Stopped by Jordan Binnington with a rebound.
11:52 of 3rd period - Wrist shot by Chris Terry.
11:52 of 3rd period - Stopped by Jordan Binnington without a rebound.
11:53 of 3rd period - Nic Petan wins face-off versus Grayson Downing in Manitoba Moose zone.
11:54 of 3rd period - Slapshot by Adrian Kempe.
11:54 of 3rd period - Goal by Adrian Kempe - Manitoba Moose : 7 - Victoriaville Tigres : 2.
11:55 of 3rd period - Ryan Garbutt wins face-off versus Nic Petan in neutral zone.
12:49 of 3rd period - Snap shot by Denis Gurianov.
12:49 of 3rd period - Shot Blocked by Tim Heed.
12:51 of 3rd period - Minor Penalty to Karl Stollery for Hooking.
12:52 of 3rd period - Chris Terry wins face-off versus Jason Dickinson in Victoriaville Tigres zone.
13:03 of 3rd period - Wrist shot by Grayson Downing.
13:03 of 3rd period - Shot Blocked by Nic Petan.
13:05 of 3rd period - Wrist shot by Grayson Downing.
13:05 of 3rd period - Stopped by Jeff Zatkoff with a rebound.
13:27 of 3rd period - Brayden McNabb is hit by Brandon Gormley and loses puck.
14:51 of 3rd period - Penalty to Karl Stollery is over, Karl Stollery is back on ice.
15:04 of 3rd period - Matt Frattin is hit by Greg McKegg and loses puck.
15:30 of 3rd period - Slapshot by Chris Neil.
15:30 of 3rd period - Stopped by Jeff Zatkoff with a rebound.
15:32 of 3rd period - Snap shot by Chris Neil.
15:32 of 3rd period - Stopped by Jeff Zatkoff with a rebound.
15:34 of 3rd period - Snap shot by Matt Grzelcyk.
15:34 of 3rd period - Stopped by Jeff Zatkoff with a rebound.
16:10 of 3rd period - Off-side.
16:11 of 3rd period - Nic Petan wins face-off versus Tim Kennedy in neutral zone.
16:14 of 3rd period - Tim Kennedy is hit by Adrian Kempe and loses puck.
16:18 of 3rd period - Icing by Adam Pardy.
16:19 of 3rd period - Nic Petan wins face-off versus Tim Kennedy in Manitoba Moose zone.
16:20 of 3rd period - Snap shot by Adrian Kempe.
16:20 of 3rd period - Shot Hit the Post.
16:32 of 3rd period - Wrist shot by Justin Fontaine.
16:32 of 3rd period - Shot Misses the Net.
16:34 of 3rd period - Slapshot by Adam Pardy.
16:34 of 3rd period - Stopped by Jeff Zatkoff without a rebound.
16:35 of 3rd period - Quinton Howden wins face-off versus Grayson Downing in Victoriaville Tigres zone.
16:39 of 3rd period - Jyrki Jokipakka beats up Brody Sutter.
16:39 of 3rd period - Penalty to Brody Sutter for Fighting.
16:39 of 3rd period - Penalty to Jyrki Jokipakka for Fighting.
16:39 of 3rd period - Penalty to Brody Sutter for instigated a fight.
16:39 of 3rd period - Penalty to Brody Sutter for instigated a fight.
16:40 of 3rd period - Chris Terry wins face-off versus Jason Dickinson in Manitoba Moose zone.
17:54 of 3rd period - Icing by Justin Fontaine.
17:55 of 3rd period - Adrian Kempe wins face-off versus Grayson Downing in Manitoba Moose zone.
18:26 of 3rd period - Slapshot by Matt Grzelcyk.
18:26 of 3rd period - Goal by Matt Grzelcyk - Manitoba Moose : 8 - Victoriaville Tigres : 2.
18:27 of 3rd period - Nic Petan wins face-off versus Tim Kennedy in neutral zone.
18:30 of 3rd period - Matt Lorito is hit by Adrian Kempe and loses puck.
18:39 of 3rd period - Wrist shot by Chris Terry.
18:39 of 3rd period - Stopped by Jordan Binnington with a rebound.
18:41 of 3rd period - Wrist shot by Chris Terry.
18:41 of 3rd period - Stopped by Jordan Binnington without a rebound.
18:42 of 3rd period - Grayson Downing wins face-off versus Charles Hudon in Manitoba Moose zone.
19:09 of 3rd period - Chris Terry is hit by Brandon Gormley and loses puck.
19:34 of 3rd period - Snap shot by Matt Lorito.
19:34 of 3rd period - Goal by Matt Lorito - Manitoba Moose : 9 - Victoriaville Tigres : 2.
19:35 of 3rd period - Nic Petan wins face-off versus Grayson Downing in neutral zone.
19:38 of 3rd period - Wrist shot by Adrian Kempe.
19:38 of 3rd period - Stopped by Jordan Binnington with a rebound.
19:46 of 3rd period - Snap shot by Grayson Downing.
19:46 of 3rd period - Deflect By Denis Gurianov.
19:46 of 3rd period - Stopped by Jeff Zatkoff without a rebound.
19:47 of 3rd period - Nic Petan wins face-off versus Grayson Downing in Victoriaville Tigres zone.
19:54 of 3rd period - Snap shot by Nic Petan.
19:54 of 3rd period - Shot Misses the Net.
19:56 of 3rd period - Slapshot by Chris Terry.
19:56 of 3rd period - Stopped by Jordan Binnington without a rebound.
19:57 of 3rd period - Grayson Downing wins face-off versus Nic Petan in Manitoba Moose zone.
19:57 of 3rd period - Grayson Downing is hit by Nic Petan.
Goals for this period are 6 for Manitoba Moose vs 2 for Victoriaville Tigres.
Shots for this period are 20 for Manitoba Moose vs 15 for Victoriaville Tigres.